 Dungeon Crawl Stone Soup version 0.25.1-2-g60ff931df9 (webtiles) character file.

Game seed: 9997102118427354112

2387 hawla the Magician (level 9, -24/62 HPs)
             Began as a White Draconian Conjurer on Nov 16, 2020.
             Was an Initiate of Vehumet.
             Annihilated by an orc warrior
             ... wielding a +0 spear
              (27 damage)
             ... in a bailey.
             The game lasted 00:42:28 (10773 turns).

hawla the Magician (White Draconian Conjurer)      Turns: 10773, Time: 00:42:29

Health: -24/62     AC:  8    Str: 16 (17) XL:     9   Next: 22%
Magic:  10/20      EV: 12    Int: 18      God:    Vehumet [......]
Gold:   195        SH:  0    Dex: 12      Spells: 3/22 levels left

rFire    . . .     SeeInvis .   (no weapon)
rCold    . . .     Gourm    .   (no shield)
rNeg     + . .     Faith    .   (armour unavailable)
rPois    +         Spirit   .   (helmet restricted)
rElec    .         Reflect  .   m - scarf {repulsion}
rCorr    .         Harm     .   g - +0 pair of gloves
MR       .....                  (no boots)
Stlth    +++.......             (no amulet)
HPRegen  0.20/turn              j - +6 ring of strength
MPRegen  0.17/turn              s - ring "Igaidib" {+Blink rPois rC- rN+ Stlth+}

@: short of breath, very slightly contaminated, repel missiles
A: breathe frost, unfitting armour, cold resistance 1, cold-blooded, AC +7
a: Breathe Frost, Renounce Religion, Evoke Blink


You were in a bailey.
You worshipped Vehumet.
Vehumet was noncommittal.
You were hungry.

You visited 2 branches of the dungeon, and saw 8 of its levels.
You also visited: Sewer and Bailey.

You collected 377 gold pieces.
You spent 182 gold pieces at shops.

Inventory:

Missiles
 l - 22 poisoned darts
 p - 5 boomerangs (quivered)
Armour
 g - a +0 pair of gloves (worn)
 m - a scarf of repulsion (worn)
Jewellery
 j - a +6 ring of strength (left hand)
 s - the ring "Igaidib" (right hand) {+Blink rPois rC- rN+ Stlth+}
   (You found it on level 5 of the Dungeon)

   [ring of positive energy]

   It makes you vulnerable to cold.
   It protects you from poison.
   It protects you from negative energy.
   It lets you blink.
   It makes you more stealthy.
Wands
 d - a wand of digging (5)
Scrolls
 n - a scroll of enchant armour {unknown}
 o - 2 scrolls of identify
Potions
 e - a potion of cancellation
 f - a potion of stabbing
 h - a potion of berserk rage
 i - 2 potions of flight
 k - a potion of degeneration
 t - a potion of might
Comestibles
 b - 5 rations


   Skills:
 - Level 1.7 Dodging
 - Level 1.7 Stealth
 + Level 7.4 Spellcasting
 + Level 6.8 Conjurations
 + Level 4.8 Hexes
 - Level 5.1 Translocations
 + Level 1.2 Fire Magic


You had 3 spell levels left.
You knew the following spells:

 Your Spells              Type           Power        Failure   Level  Hunger
a - Magic Dart            Conj           ####         1%          1    None
b - Searing Ray           Conj           ####..       1%          2    None
c - Fulminant Prism       Conj/Hex       ####......   10%         4    ###....
d - Iskenderun's Mystic   Conj/Tloc      ####....     9%          4    ###....
e - Gell's Gravitas       Tloc           ####......   3%          3    #......
f - Sticky Flame          Conj/Fire      ###.....     21%         4    ###....
g - Shock                 Conj/Air       ###.         2%          1    None

Your spell library contained the following spells:

 Spells                   Type           Power        Failure   Level  Hunger
 Foxfire                  Conj/Fire      ###.         1%          1    None
 Dazzling Flash           Conj/Hex       ####..       2%          3    #......
 Confusing Touch          Hex            ###.....     4%          3    #......
 Conjure Flame            Conj/Fire      ###.....     6%          3    #......
 Inner Flame              Hex/Fire       ###.....     9%          3    #......
 Fireball                 Conj/Fire      ###.......   50%         5    #####..
 Petrify                  Tmut/Erth      #.......     71%         4    ###....
 Metabolic Englaciation   Hex/Ice        ###.......   71%         5    #####..
 Yara's Violent Unravell  Hex/Tmut       ###.......   71%         5    #####..


Dungeon Overview and Level Annotations

Branches:
Dungeon (7/15)             Temple (1/1) D:7           Sewer (visited)
 Bailey (1/1)

Altars:
Cheibriados
Elyvilon
Fedhas
Gozag
Hepliaklqana
Makhleb
Nemelex Xobeh
Okawaru
Ru
Sif Muna
Uskayaw
Vehumet
Wu Jian
Xom
Yredelemnul
The Shining One

Shops:
D:4 *[}}

Portals:
Abyss: D:6

Annotations:
D:6 2 transporters, Snicker's ghost, novice DEIE
D:7 Prince Ribbit


Innate Abilities, Weirdness & Mutations

You can breathe waves of freezing cold.
You can buffet flying creatures when you breathe cold.
Your icy white scales are hard. (AC +7)
You cannot fit into any form of body armour.
Your flesh is cold resistant. (rC+)
You are cold-blooded and may be slowed by cold attacks.


Message History

The orc warrior is moderately wounded. (Press . to maintain the ray.)
You are feeling hungry.
The orc warrior hits you but does no damage.
The orc knight hits you with a +0 halberd!!
* * * LOW HITPOINT WARNING * * *
Okay, then.
Unknown command.
The searing ray hits the orc knight!
The orc knight is severely wounded.
The searing ray hits the orc warrior but does no damage.
The orc warrior is moderately wounded.
The orc warrior misses you.
The searing ray hits the orc knight but does no damage.
The orc knight is severely wounded.
The searing ray hits the orc warrior.
The orc warrior is heavily wounded.
The orc knight completely misses you.
The orc warrior hits you from afar with a +0 spear!!
You die...

#################################
...........................((..(.
.................................
............................)((..
...............................(.
.............................)...
....)............................
≈≈≈≈≈...........@.....≈≈≈≈≈.(....
≈#.#≈≈......)...o..(.≈≈#.#≈≈.....
##.##≈.....(....o....≈##.##≈.....
..^))≈....((......(..≈..^))≈(....
##.∩#≈...............≈#∩.##≈(....
≈#.#≈≈....#######....≈≈#.#≈≈.....
≈≈≈≈≈.....##..o.##....≈≈≈≈≈......
..........##...o.##..............
.......)..##'''#..##.............


You could see an orc knight and an orc warrior (strong).

Vanquished Creatures
  Menkaure (D:7)
  An ice beast (D:5)
  5 orc warriors
  A sky beast (D:6)
  2 ogres
  3 centaurs
  A crocodile (Sewer)
  3 bullfrogs (D:6)
  4 howler monkeys
  2 crimson imps
  2 hounds
  3 bullfrog skeletons
  2 orc wizards
  3 iguanas
  5 worker ants
  A worker ant zombie (D:5)
  7 gnolls (D:6)
  5 adders
  A shadow imp (D:7)
  An ooze (D:4)
  4 worms
  2 dart slugs
  9 leopard geckos
  32 orcs
  18 bats
  4 giant cockroaches
  8 goblins
  13 hobgoblins
  12 jackals
  2 quokkas
  3 frilled lizards
  7 kobolds
  4 rats
171 creatures vanquished.

Vanquished Creatures (others)
  18 fulminant prisms
18 creatures vanquished.

Grand Total: 189 creatures vanquished

Notes
Turn   | Place    | Note
-------+----------+-------------------------------------------
     0 | D:1      | hawla the Draconian Conjurer began the quest for the Orb.
     0 | D:1      | Reached XP level 1. HP: 14/14 MP: 3/3
   288 | D:1      | Reached XP level 2. HP: 20/20 MP: 0/5
   301 | D:1      | Learned a level 2 spell: Searing Ray
   670 | D:1      | Reached skill level 3 in Spellcasting
  1232 | D:2      | Reached XP level 3. HP: 18/26 MP: 2/7
  2164 | D:2      | Reached skill level 4 in Spellcasting
  2378 | D:3      | Reached XP level 4. HP: 25/33 MP: 5/10
  3224 | D:4      | Learned a level 4 spell: Fulminant Prism
  3229 | D:4      | Learned a level 4 spell: Iskenderun's Mystic Blast
  3299 | D:4      | Noticed an ogre
  3303 | D:4      | Killed an ogre
  3303 | D:4      | Reached skill level 5 in Spellcasting
  3303 | D:4      | Reached XP level 5. HP: 38/38 MP: 6/12
  3529 | D:4      | Found a glowing drain.
  3578 | Sewer    | Entered a sewer
  3736 | Sewer    | Noticed a crocodile
  3752 | Sewer    | Killed a crocodile
  3752 | Sewer    | Reached skill level 1 in Translocations
  3752 | Sewer    | Reached XP level 6. HP: 11/45 MP: 2/14
  4093 | D:4      | Reached skill level 1 in Hexes
  4275 | D:4      | Found Ottek's Gadget Shop.
  4414 | D:4      | Found Zusmoa's Antique Armour Boutique.
  4468 | D:4      | Found Arghoo's General Store.
  4530 | D:4      | Bought a scarf of repulsion for 156 gold pieces
  4557 | D:4      | Found Loicis's Gadget Shoppe.
  5163 | D:4      | Bought a scroll of identify for 26 gold pieces
  5184 | D:5      | Entered Level 5 of the Dungeon
  5228 | D:5      | Your scales start taking on an icy white colour.
  5228 | D:5      | Reached XP level 7. HP: 30/50 MP: 3/15
  5228 | D:5      | Gained mutation: Your flesh is cold resistant. (rC+) [White
                  | Draconian growth]
  5708 | D:5      | Reached skill level 6 in Spellcasting
  5708 | D:5      | Reached skill level 5 in Conjurations
  6270 | D:5      | Got a translucent jade ring
  6444 | D:5      | Identified the ring "Igaidib" {+Blink rPois rC- rN+ Stlth+}
                  | (You found it on level 5 of the Dungeon)
  6584 | D:6      | Reached XP level 8. HP: 39/57 MP: 7/17
  6724 | D:6      | Noticed a toenail golem
  6828 | D:6      | Noticed Snicker's ghost (novice DEIE)
  6831 | D:6      | Noticed a rakshasa
  7249 | D:6      | Found a transporter.
  7259 | D:6      | Noticed a toenail golem
  7279 | D:6      | Identified the +11 dagger of Zowor {distort, Str+4}
  7282 | D:6      | Found a one-way gate to the infinite horrors of the Abyss.
  8023 | D:6      | Found a hazy altar of Hepliaklqana.
  8062 | D:6      | Found a transporter.
  8160 | D:7      | Noticed Menkaure
  8161 | D:7      | Noticed Prince Ribbit
  8174 | D:7      | Killed Menkaure
  8174 | D:7      | Reached skill level 7 in Spellcasting
  8450 | D:7      | Found a staircase to the Ecumenical Temple.
  8485 | Temple   | Entered the Ecumenical Temple
  8621 | Temple   | Became a worshipper of Vehumet
  8675 | D:7      | Reached XP level 9. HP: 30/62 MP: 2/19
  8718 | D:7      | Found a flagged portal.
  8743 | D:7      | Learned a level 3 spell: Gell's Gravitas
  8748 | D:7      | Learned a level 4 spell: Sticky Flame
  8755 | Bailey   | Entered a bailey
  8848 | Bailey   | Reached skill level 5 in Translocations
  9457 | Bailey   | Reached * piety under Vehumet
  9457 | Bailey   | Offered knowledge of Shock by Vehumet.
  9460 | Bailey   | Learned a level 1 spell: Shock
  9743 | Bailey   | Found a roughly hewn altar of Beogh.
  9743 | Bailey   | Noticed an orc knight
  9843 | Bailey   | HP: 1/62 [orc warrior/bolt (18)]
 10117 | Bailey   | Reached skill level 1 in Fire Magic
 10771 | Bailey   | HP: 3/62 [orc knight/+0 halberd (18)]
 10773 | Bailey   | Annihilated by an orc warrior

Illustrated notes

Levels and vault maps discovered:
D:1:      minmay_arrival_up_and_down, layout_loops_corners
D:2:      layout_basic
D:3:      layout_basic, grunt_ministairs_1, serial_park_tiny_pond
D:4:      layout_basic, serial_shops, shop, shop_statue, kennysheep_mini_moat,
          shop, cheibrodos_sewer_entry_bend, kennysheep_diamond,
          kennysheep_generic_room_5
D:5:      layout_loops_ring, first_ration
D:6:      layout_gridville, basic_altar, gammafunk_ghost_abyssal_escape
D:7:      minmay_slanted_spiral_squares, layout_loops_ring,
          minmay_temple_entry_offerings, enter_bailey_2, gammafunk_ghost_arena,
          uniq_menkaure, uniq_prince_ribbit1
Temple:   roderic_octagonal_lattice_temple
Bailey:   bailey_polearm_2, bailey

Skill      XL: |  1  2  3  4  5  6  7  8  9 |
---------------+----------------------------+-----
Spellcasting   | 3 4 5 6 7 |  7.4
Translocations | 1 2 3 4 5 |  5.1
Hexes          | 2 3 4 |  4.8
Conjurations   | 5 6 |  6.8
Fire Magic     | 1 |  1.2
Dodging        | |  1.7
Stealth        | |  1.7

Action                   |  1- 3 |  4- 6 |  7- 9 || total
-------------------------+-------+-------+-------++-------
Melee: Unarmed           |    27 |    36 |    74 ||   137
       Tailslap          |     2 |     3 |    14 ||    19
 Cast: Magic Dart        |    58 |    41 |    82 ||   181
       Searing Ray       |    12 |    25 |    46 ||    83
       Iskenderun's Myst |       |     1 |    16 ||    17
       Fulminant Prism   |       |     2 |    16 ||    18
       Shock             |       |       |    21 ||    21
       Sticky Flame      |       |       |     2 ||     2
       Gell's Gravitas   |       |       |     2 ||     2
 Abil: Breathe Frost     |       |       |     4 ||     4
       Evoke Blink       |       |       |     1 ||     1
  Use: Scroll            |     5 |     3 |     5 ||    13
       Potion            |       |     2 |     7 ||     9
  Eat: Chunk             |     5 |     7 |    16 ||    28
       Ration            |       |     1 |     2 ||     3
Armor: Skin              |    25 |    38 |    72 ||   135
Dodge: Dodged            |    35 |    73 |   185 ||   293
       Repelled          |       |     1 |    37 ||    38
